 Dungeon Crawl Stone Soup version 0.17-a0-1403-g9df874c (webtiles) character file.

82 Fluffy the Slasher (level 4, 0/33 HPs)
             Began as a Demonspawn Gladiator on June 20, 2015.
             Slain by Natasha (3 damage)
             ... on level 2 of the Dungeon.
             The game lasted 00:02:57 (1418 turns).

Fluffy the Slasher (Demonspawn Gladiator)           Turns: 1418, Time: 00:02:57

Health: 0/33       AC:  6    Str: 17    XL:     4   Next: 21%
Magic:  4/4        EV: 11    Int:  9    God:
Gold:   140        SH:  0    Dex: 13    Spells: 0 memorised, 3 levels left

rFire  . . .     SeeInvis .     a - +0 long sword
rCold  . . .     Clarity  .     g - +0 ring mail
rNeg   . . .     SustAt   .     (no shield)
rPois  .         Gourm    .     (helmet restricted)
rElec  .         Spirit   .     (no cloak)
rCorr  .         Warding  .     (no gloves)
rMut   .         Stasis   .     (no boots)
MR     .....                    (no amulet)
Stlth  +.........               (no ring)
                                (no ring)

@: slowed, very slow, not resistant to hostile enchantments, very unstealthy
A: horns 1, molten scales 1
a: no special abilities


You were on level 2 of the Dungeon.
You were hungry.

You visited 1 branch of the dungeon, and saw 2 of its levels.

You collected 140 gold pieces.

Inventory:

Hand weapons
 a - a +0 long sword (weapon)
Missiles
 d - 3 throwing nets (quivered)
Armour
 g - a +0 ring mail (worn)
Scrolls
 b - a scroll of fear {unknown}
 h - 3 scrolls of amnesia {unknown}
 i - a scroll of teleportation {unknown}
 j - a scroll of enchant armour {unknown}
 k - 2 scrolls of fog {unknown}
 m - a scroll of enchant weapon {unknown}
 p - a scroll of remove curse {unknown}
Potions
 c - a potion of poison {unknown}
 l - 4 potions of ambrosia {unknown}
 n - a potion of heal wounds {unknown}
 o - a potion of flight {unknown}
 q - a potion of curing {unknown}
Comestibles
 e - 4 bread rations
 f - a royal jelly


   Skills:
 - Level 2.0 Fighting
 + Level 4.6 Long Blades
 - Level 1.7 Throwing
 - Level 2.6 Dodging


You had 3 spell levels left.
You didn't know any spells.

Dungeon Overview and Level Annotations

Branches:
Dungeon (2/15)

Altars:
Ashenzari

Annotations:
D:2 Natasha


Innate Abilities, Weirdness & Mutations

You have a pair of small horns on your head.
You are partially covered in molten scales (AC +1).


Message History

The crimson imp disappears in a puff of smoke!
The crimson imp laughs crazily.
You hit Natasha.
Natasha is moderately wounded.
Natasha stares at you and mumbles some strange words.
You feel yourself slow down. Natasha claws you.
* * * LOW HITPOINT WARNING * * *
You completely miss Natasha.
Natasha is moderately wounded.
Natasha closely misses you.
You hit Natasha. Your headbutt misses Natasha.
Natasha is severely wounded.
Natasha claws you.
* * * LOW HITPOINT WARNING * * *
The crimson imp hits you but does no damage.
Natasha claws you but does no damage. The crimson imp closely misses you.
You hit Natasha.
Natasha is severely wounded.
Natasha claws you.
You die...

#.......( ..#....
#...##.##. ..#...
#.......... #.#..
.....#####.
######..........#)
#...#. ... #....
#######._.##### #...)
......#...#.... +....
##@## #.<.. ##5h#.##
#.... ##...#..##
#.... ##....#...##
###.. ##.....#....##
### ##......#...5.##
## #.......#...5..###
..
###.....##.h#.#..####
..
#%....##..#h5.....#
..


You could see Natasha and a crimson imp.

Vanquished Creatures
  3 adders (D:2)
  A gnoll (D:1)
  3 giant geckos (D:1)
  A ball python (D:1)
  10 bats
  2 giant cockroaches (D:2)
  2 goblins (D:1)
  2 hobgoblins
  5 jackals
  5 kobolds
  4 giant newts
  4 rats
42 creatures vanquished.

Notes
Turn   | Place    | Note
--------------------------------------------------------------
     0 | D:1      | Fluffy the Demonspawn Gladiator began the quest for the Orb.
     0 | D:1      | Reached XP level 1. HP: 16/16 MP: 1/1
    40 | D:1      | Reached skill level 3 in Long Blades
    40 | D:1      | Gained mutation: You are partially covered in molten scales (AC +1). [demonic ancestry]
    40 | D:1      | Reached XP level 2. HP: 22/22 MP: 2/2
   398 | D:1      | Reached XP level 3. HP: 18/27 MP: 3/3
   864 | D:2      | Reached skill level 4 in Long Blades
  1263 | D:2      | Gained mutation: You have a pair of small horns on your head. [demonic ancestry]
  1263 | D:2      | Reached XP level 4. HP: 33/33 MP: 4/4
  1362 | D:2      | Noticed Natasha
  1402 | D:2      | Found a shattered altar of Ashenzari.
  1418 | D:2      | Slain by Natasha

Vault maps used:
D:1:      dpeg_arrival_fog
D:2:      nicolae_ashenzari_panopticon, uniq_iyjb, uniq_natasha

Action                   |  1- 3 |  4- 6 || total
-------------------------+-------+-------++-------
Melee: Long sword        |   143 |    22 ||   165
  Eat: Chunk             |     1 |       ||     1
